 Seeded DCSS version 0.28.0-47-ge53b351184 (webtiles) character file.

Game seed: 523019199727972820 (custom seed)

4370 thiscave3701365 the Cleaver (level 10, 0/129 HPs)
             Began as a Minotaur Berserker on May 9, 2022.
             Was an Elder of Trog.
             Slain by an 11-headed hydra (1 damage)
             ... on level 8 of the Dungeon.
             The game lasted 00:06:21 (9631 turns).

thiscave3701365 the Cleaver (Minotaur Berserker)    Turns: 9631, Time: 00:06:31

Health: 0/129      AC: 19    Str: 27    XL:     10   Next: 13%
Magic:  9/9        EV:  6    Int:  4    God:    Trog [****..]
Gold:   453        SH:  0    Dex:  9    Spells: 9/9 levels left

rFire   . . .      SeeInvis .   k - +2 battleaxe (elec)
rCold   . . .      Faith    .   (shield currently unavailable)
rNeg    . . .      Spirit   .   m - +0 crystal plate armour
rPois   .          Reflect  .   (helmet restricted)
rElec   .          Harm     .   (no cloak)
rCorr   .          Rampage  .   (no gloves)
Will    .....                   (no boots)
Stlth   ..........              w - amulet of regeneration
HPRegen 1.11/turn               (no ring)
MPRegen 0.11/turn               (no ring)

@: berserking, very quick
A: horns 2, retaliatory headbutt
a: Renounce Religion, Berserk, Trog's Hand, Brothers in Arms


You were on level 8 of the Dungeon.
You worshipped Trog.
Trog was greatly pleased with you.
You visited 1 branch of the dungeon, and saw 8 of its levels.

You collected 453 gold pieces.

Inventory:

Hand Weapons
 a - a +0 hand axe
 k - a +2 battleaxe of electrocution (weapon)
Missiles
 j - 2 throwing nets
Armour
 m - a +0 crystal plate armour (worn)
 x - a +0 tower shield
Jewellery
 w - an amulet of regeneration (around neck)
Wands
 l - a wand of flame (23)
 s - a wand of polymorph (3)
 u - a wand of paralysis (9)
Scrolls
 b - 2 scrolls of blinking
 c - a scroll of fog
 e - 3 scrolls of teleportation
 i - 2 scrolls of summoning
 o - a scroll of vulnerability
 r - 4 scrolls of identify
Potions
 d - a potion of curing {unknown}
 f - a potion of berserk rage
 g - a potion of resistance
 h - a potion of mutation {unknown}
 n - a potion of cancellation {unknown}
 p - 2 potions of invisibility
 q - 2 potions of might
 t - a potion of heal wounds
 v - a potion of lignification


   Skills:
 + Level 7.0 Fighting
 + Level 13.9 Axes
 + Level 7.9 Armour
 + Level 4.6 Dodging
 + Level 2.8 Shields


You had 9 spell levels left.
You didn't know any spells.
Your spell library was empty.

Dungeon Overview and Level Annotations

Branches:
Dungeon (8/15)             Temple (0/1) D:4
   Lair: D:8-11

Altars:
Ashenzari
Nemelex Xobeh

Shops:
D:7 *

Annotations:
D:3 3 runed translucent doors, RatsInWalls's ghost, amateur VSMo


Innate Abilities, Weirdness & Mutations

You have a pair of horns on your head.
You reflexively headbutt those who attack you in melee.


Message History

The nine-headed hydra bites you but does no damage.
The nine-headed hydra bites you!
The nine-headed hydra bites you but does no damage. x3
The nine-headed hydra bites you!
You are too injured to fight recklessly!
Unknown command.
A red film seems to cover your vision as you go berserk!
You feel yourself moving faster!
You feel mighty!
The nine-headed hydra bites you but does no damage. x7
The nine-headed hydra bites you!
The nine-headed hydra bites you but does no damage.
You chop one of the nine-headed hydra's heads off!
The eight-headed hydra grows two more!
You slash the ten-headed hydra!
Your headbutt misses the ten-headed hydra.
The ten-headed hydra is moderately wounded.
The ten-headed hydra bites you but does no damage.
The ten-headed hydra bites you.
The ten-headed hydra bites you but does no damage.
The ten-headed hydra bites you!
* * * LOW HITPOINT WARNING * * *
The ten-headed hydra bites you!
* * * LOW HITPOINT WARNING * * *
The ten-headed hydra closely misses you.
The ten-headed hydra bites you but does no damage. x2
The ten-headed hydra bites you.
* * * LOW HITPOINT WARNING * * *
The ten-headed hydra bites you but does no damage.
You hack one of the ten-headed hydra's heads off!
The nine-headed hydra grows two more!
You slice the 11-headed hydra!!
The 11-headed hydra is heavily wounded.
The 11-headed hydra bites you!
* * * LOW HITPOINT WARNING * * *
The 11-headed hydra bites you.
* * * LOW HITPOINT WARNING * * *
The 11-headed hydra barely misses you.
The 11-headed hydra bites you but does no damage.
The 11-headed hydra bites you!
* * * LOW HITPOINT WARNING * * *
The 11-headed hydra bites you.
You die...

# #..# #.# # #.## #
#..## # ##..## ####
##..## ...########
##..####### #....)....#
##.......#
###.......#####.......#
###.....#.....@.....#
#.....#....(D.....#
#.....#...........#
#.....#...........#
#######...........#
#.....(....$#
#....######## #....


You could see a 11-headed hydra.

Vanquished Creatures
  A two-headed ogre (D:8)
  Grinder (D:5)
  4 yaks (D:8)
  A steam dragon (D:6)
  Menkaure (D:5)
  2 orc warriors
  A black bear (D:8)
  A sky beast (D:7)
  A necrophage (D:6)
  4 ogres
  A centaur (D:8)
  A phantom (D:4)
  2 kobold brigands
  A bullfrog (D:7)
  A wyvern zombie (D:6)
  4 scorpions
  A wyvern skeleton (D:6)
  9 wights
  A howler monkey (D:4)
  A centaur zombie (D:6)
  2 orc priests
  2 gnoll shamans
  A jelly (D:6)
  3 hounds
  5 iguanas
  7 orc wizards
  Ijyb (D:4)
  A hound zombie (D:5)
  A hound skeleton (D:4)
  6 gnolls
  8 adders
  A white imp (D:7)
  An ufetubus (D:5)
  An adder skeleton (D:4)
  3 worms
  A dart slug (D:4)
  22 orcs
  12 endoplasms
  3 giant cockroaches
  4 goblins
  5 hobgoblins
  6 quokkas
  8 ball pythons
  6 bats
  A frilled lizard (D:1)
  15 kobolds
  8 rats
173 creatures vanquished.

Vanquished Creatures (others)
  5 plants (D:5)
5 creatures vanquished.

Grand Total: 178 creatures vanquished

Notes
Turn   | Place    | Note
-------+----------+-------------------------------------------
     0 | D:1      | thiscave3701365 the Minotaur Berserker began the quest for
                  | the Orb.
     0 | D:1      | Reached XP level 1. HP: 19/19 MP: 0/0
   254 | D:1      | Reached XP level 2. HP: 24/27 MP: 1/1
   456 | D:1      | Reached skill level 4 in Axes
  1032 | D:1      | Found a faded altar of an unknown god.
  1319 | D:1      | Reached XP level 3. HP: 31/33 MP: 2/2
  1538 | D:2      | Reached ** piety under Trog
  1977 | D:2      | Found a broken altar of Ashenzari.
  2577 | D:3      | Reached XP level 4. HP: 40/40 MP: 3/3
  2780 | D:3      | Found a runed translucent gate.
  2797 | D:3      | Found a runed translucent gate.
  2797 | D:3      | Found a runed translucent gate.
  2830 | D:3      | Noticed RatsInWalls's ghost (amateur VSMo)
  3435 | D:4      | Reached XP level 5. HP: 47/47 MP: 4/4
  3436 | D:4      | Noticed a phantom
  3444 | D:4      | Killed a phantom
  3445 | D:4      | Reached skill level 5 in Axes
  3472 | D:4      | Noticed Ijyb
  3479 | D:4      | Killed Ijyb
  3480 | D:4      | Reached skill level 5 in Fighting
  3613 | D:4      | Reached XP level 6. HP: 52/56 MP: 5/5
  4024 | D:4      | Found a staircase to the Ecumenical Temple.
  4166 | D:4      | Reached *** piety under Trog
  4619 | D:4      | Reached skill level 5 in Armour
  4619 | D:4      | Reached XP level 7. HP: 62/62 MP: 6/6
  4960 | D:5      | Entered Level 5 of the Dungeon
  4969 | D:5      | Reached skill level 6 in Axes
  5257 | D:5      | Noticed Menkaure
  5269 | D:5      | Reached skill level 7 in Axes
  5271 | D:5      | Killed Menkaure
  5280 | D:5      | Reached skill level 8 in Axes
  5639 | D:5      | Noticed Grinder
  5654 | D:5      | Killed Grinder
  5655 | D:5      | Reached skill level 9 in Axes
  5655 | D:5      | Reached XP level 8. HP: 70/70 MP: 7/7
  6440 | D:6      | Reached skill level 10 in Axes
  6834 | D:6      | Reached skill level 11 in Axes
  7857 | D:7      | Reached skill level 12 in Axes
  7857 | D:7      | Reached XP level 9. HP: 75/75 MP: 8/8
  9001 | D:7      | Found a sparkling altar of Nemelex Xobeh.
  9019 | D:7      | Reached skill level 1 in Shields
  9055 | D:7      | Found Poej's Elemental Accessories.
  9163 | D:7      | Identified a scroll of acquirement
  9163 | D:7      | Acquired a +2 battleaxe of electrocution
  9179 | D:8      | Noticed a two-headed ogre
  9185 | D:8      | Killed a two-headed ogre
  9186 | D:8      | Reached skill level 13 in Axes
  9272 | D:8      | Reached **** piety under Trog
  9421 | D:8      | Reached XP level 10. HP: 84/84 MP: 9/9
  9623 | D:8      | Noticed a seven-headed hydra
  9631 | D:8      | HP: 1/129 [11-headed hydra (11)]
  9631 | D:8      | Slain by an 11-headed hydra

Illustrated notes

Levels and vault maps discovered:
D:1:      minmay_arrival_floating_metal, layout_loops_corners,
          shapermc_ecumenical_altar_notcrosses, minivault_11
D:2:      layout_basic, basic_altar
D:3:      layout_basic, gammafunk_ghost_icy
D:4:      minmay_chambers_of_twos, layout_loops_cross,
          minmay_temple_entry_fiery, minmay_fractal_squares_5, uniq_ijyb
D:5:      layout_rooms, serial_bayou_lagoon_a, uniq_grinder, uniq_menkaure
D:6:      layout_loops_ring, grunt_decor_fettered, kennysheep_small_circle
D:7:      layout_loops_ring, mainiacjoe_overflow_small_starburst,
          nicolae_elemental_shop
D:8:      layout_rooms

Skill      XL: |  1  2  3  4  5  6  7  8  9 10 |
---------------+-------------------------------+-----
Fighting       | 4 5 6 7 |  7.0
Axes           | 4 5 9 12 13 | 13.9
Armour         | 3 4 5 7 |  7.9
Dodging        | 3 4 |  4.6
Shields        | 2 |  2.8

Action                   |  1- 3 |  4- 6 |  7- 9 | 10-12 || total
-------------------------+-------+-------+-------+-------++-------
Melee: Hand axe          |    82 |   105 |   222 |       ||   409
       Headbutt          |    12 |    18 |    46 |       ||    76
       Punch             |     1 |     3 |       |       ||     4
       Battleaxe         |       |       |    24 |    12 ||    36
Invok: Berserk           |       |     4 |    16 |     1 ||    21
  Use: Scroll            |       |       |    14 |       ||    14
Armor: Animal skin       |    15 |       |       |       ||    15
       Chain mail        |       |    60 |    36 |       ||    96
       Crystal plate arm |       |       |    89 |    29 ||   118
Dodge: Dodged            |    34 |    35 |    50 |     6 ||   125
Block: Tower shield      |       |       |    25 |       ||    25
